 Dungeon Crawl Stone Soup version 0.30.1-11-g7821555f0a (webtiles) character file.

Game seed: 13263833946279530474

111 Okkudo the Chopper (level 4, -1/41 HPs)
             Began as a Hill Orc Monk on Dec 6, 2023.
             Slain by a gnoll
             ... wielding a +0 club
              (2 damage)
             ... on level 3 of the Dungeon.
             The game lasted 00:04:43 (1330 turns).

Okkudo the Chopper (Hill Orc Monk)                  Turns: 1330, Time: 00:04:45

Health: -1/41      AC:  6    Str: 15    XL:     4   Next: 92%
Magic:  4/4        EV: 10    Int: 10    God:
Gold:   79         SH:  0    Dex: 13    Spells: 3/3 levels left

rFire   . . .        a - +0 hand axe
rCold   . . .        d - orb {light}
rNeg    . . .        h - +0 scale mail
rPois   .            (no helmet)
rElec   .            (no cloak)
rCorr   .            (no gloves)
SInv    .            (no boots)
Will    .....        (no amulet) Stlth
                     l - ring of flight
HPRegen 0.26/turn    (no ring)
MPRegen 0.09/turn

%: no passive effects
@: flying, glowing
A: no striking features
a: no special abilities


You were on level 3 of the Dungeon.
You visited 1 branch of the dungeon, and saw 3 of its levels.

You collected 79 gold pieces.

Inventory:

Hand Weapons
 a - a +0 hand axe (weapon)
 k - the +2 dagger "Dyxisauk" {heavy, rN+ rCorr Str-3 Stlth+}
   (You found it on level 3 of the Dungeon)

   Str:       It affects your strength (-3).
   rN:        It protects you from negative energy.
   rCorr:     It protects you from acid and corrosion.
   Stlth:     It makes you more stealthy.
Armour
 d - an orb of light (worn)
 h - a +0 scale mail (worn)
Jewellery
 l - a ring of flight (left hand)
Scrolls
 e - 3 scrolls of teleportation {unknown}
 j - a scroll of enchant weapon {unknown}
Potions
 b - a potion of magic {unknown}
 c - a potion of ambrosia
 f - 2 potions of heal wounds {unknown}
 g - 2 potions of curing {unknown}
 i - a potion of might {unknown}


   Skills:
 + Level 4.8 Fighting
 + Level 5.2 Axes
 + Level 3.2 Dodging


You had 3 spell levels left.
You didn't know any spells.
Your spell library contained the following spells:

 Spells                   Type           Power      Damage    Failure   Level
 Stone Arrow              Conj/Erth      0%         3d7       99%         3
 Animate Armour           Summ/Erth      0%         N/A       100%        4
 Lehudib's Crystal Spear  Conj/Erth      0%         10d2      100%        8


Dungeon Overview and Level Annotations

Branches:
Dungeon (3/15)

Altars:


Message History

The gnoll is heavily wounded.
The gnoll hits you from afar with a +0 spear!
The gnoll hits you but does no damage.
You barely miss the gnoll.
The gnoll is heavily wounded.
The gnoll closely misses you. The gnoll hits you with a +0 spear.
You hit the gnoll.
The gnoll is severely wounded.
The gnoll hits you but does no damage. The gnoll hits you with a +0 spear.
You barely miss the gnoll.
The gnoll is severely wounded.
The gnoll hits you but does no damage. The gnoll barely misses you.
You hit the gnoll.
You kill the gnoll!
The gnoll hits you from afar with a +0 spear.
The gnoll hits you from afar with a +0 spear!
The gnoll hits you but does no damage. The gnoll barely misses you.
You barely miss the gnoll. x2; The gnoll closely misses you.
The gnoll barely misses you.
You hit the gnoll but do no damage. You hit the gnoll.
The gnoll hits you but does no damage. The gnoll hits you with a +0 spear.
* * * LOW HITPOINT WARNING * * *
You barely miss the gnoll. x2; The gnoll barely misses you.
The gnoll closely misses you.
You hit the gnoll.
The gnoll is lightly wounded.
You hit the gnoll. The gnoll hits you with a +0 club.
* * * LOW HITPOINT WARNING * * *
The gnoll hits you with a +0 spear.
* * * LOW HITPOINT WARNING * * *
You hit the gnoll but do no damage.
The gnoll is lightly wounded.
You hit the gnoll. The gnoll hits you with a +0 club.
* * * LOW HITPOINT WARNING * * *
The gnoll hits you with a +0 spear.
* * * LOW HITPOINT WARNING * * *
You hit the gnoll but do no damage.
The gnoll is lightly wounded.
You hit the gnoll but do no damage. The gnoll hits you with a +0 club.
You die...

#<##.# #.##.### ##
#.##... ... #.##..
..# ##.##.# ##.##
#######...#.##....
............##.#.#
..#####...#.##.#.#
##.##.@g#..#
#.##g##.#)###.#
#.##...)......#
#..####.#...###
##. #.#.#.# .#
#.#.#.# #.#..gg
#.... .. ###....##


You could see 2 gnolls.

Vanquished Creatures
  Jessica (D:2)
  A gnoll (D:3)
  2 adders
  2 dart slugs
  A worm (D:2)
  9 ball pythons
  4 endoplasms
  2 giant cockroaches (D:1)
  7 goblins
  4 hobgoblins
  3 jackals (D:2)
  3 kobolds
  2 quokkas
  3 bats
  A frilled lizard (D:1)
  2 rats
47 creatures vanquished.

Notes
Turn   | Place    | Note
-------+----------+-------------------------------------------
     0 | D:1      | Okkudo the Hill Orc Monk began the quest for the Orb.
     0 | D:1      | Reached XP level 1. HP: 19/19 MP: 1/1
   118 | D:1      | Reached XP level 2. HP: 25/27 MP: 2/2
   368 | D:1      | Reached XP level 3. HP: 33/33 MP: 3/3
   797 | D:2      | Noticed Jessica
   808 | D:2      | Killed Jessica
   809 | D:2      | Reached skill level 5 in Axes
   809 | D:2      | Reached XP level 4. HP: 38/41 MP: 4/4
  1288 | D:3      | Identified the +2 dagger "Dyxisauk" {heavy, rN+ rCorr Str-3
                  | Stlth+}
  1329 | D:3      | HP: 1/41 [gnoll/+0 spear (4)]
  1330 | D:3      | Slain by a gnoll

Illustrated notes

Levels and vault maps discovered:
D:1:      saegor_arrival_fortress, layout_rooms, palyth_stone_intersect,
          serial_bayou_crossing
D:2:      layout_basic, uniq_jessica
D:3:      cheibrodos_fertilizer, layout_loops_ring, basic_ecumenical_altar,
          serial_shops, shop, guppyfry_early_lair_pool

Skill      XL: |  1  2  3 |
---------------+----------+-----
Fighting       | 4 |  4.8
Axes           | 5 |  5.2
Dodging        | 3 |  3.2

Action                     |  1- 3 |  4- 6 || total
---------------------------+-------+-------++-------
  Melee: Hand axe          |    84 |    59 ||   143
 Armour: Robe              |     3 |       ||     3
         Ring mail         |    15 |       ||    15
         Scale mail        |     9 |    32 ||    41
  Dodge: Dodged            |    37 |    38 ||    75
